 Dungeon Crawl Stone Soup version 0.19-a0-1200-g056e253 (webtiles) character file.

21 MackRandom the Ruffian (level 2, 0/16 HPs)
             Began as a Tengu Wanderer on Aug 20, 2016.
             Succumbed to an adder's poison
             ... on level 1 of the Dungeon.
             The game lasted 00:02:16 (983 turns).

MackRandom the Ruffian (Tengu Wanderer)              Turns: 983, Time: 00:02:17

Health: 0/16       AC:  8    Str: 17    XL:     2   Next: 83%
Magic:  3/4        EV:  7    Int: 19    God:
Gold:   19         SH:  0    Dex: 11    Spells: 1 memorised, 2 levels left

rFire  . . .     SeeInvis .     b - +0 quarterstaff
rCold  . . .     Gourm    .     n - +0 chain mail
rNeg   . . .     Faith    .     (shield currently unavailable)
rPois  .         Spirit   .     (helmet restricted)
rElec  .         Dismiss  .     (no cloak)
rCorr  .         Reflect  .     (no gloves)
MR     .....     Harm     .     (boots unavailable)
Stlth  ..........               (no amulet)
                                (no ring)
                                (no ring)

@: mighty, brilliant, lethally poisoned (0 -> -5), very slightly contaminated,
hasted, very quick
A: beak, talons 3
a: no special abilities


You were on level 1 of the Dungeon.
You were not hungry.

You visited 1 branch of the dungeon, and saw 2 of its levels.

You collected 19 gold pieces.

Inventory:

Hand Weapons
 b - a +0 quarterstaff (weapon)
Missiles
 m - a throwing net {=f, !d}
Armour
 d - a +0 robe
 n - a +0 chain mail (worn)
   (You found it on level 1 of the Dungeon)
Scrolls
 h - a scroll of amnesia {unknown}
 i - a scroll of remove curse {unknown}
Potions
 c - a potion of lignification {!q}
Books
 a - a book of Battle
Comestibles
 f - a bread ration {@e1}
 g - 6 fruits
 k - a meat ration {@e2}


   Skills:
 - Level 1.0 Fighting
 + Level 1.5 Staves
 - Level 2.1 Dodging
 - Level 1.0 Stealth
   Level 1.0 Shields
 - Level 2.2 Unarmed Combat
 - Level 1.0 Spellcasting
 - Level 1.5 Charms
   Level 1.0 Evocations


You had 2 spell levels left.
You knew the following spells:

 Your Spells              Type           Power        Failure   Level  Hunger
a - Infusion              Chrm           ###.         41%         1    ##.....


Dungeon Overview and Level Annotations

Branches:
Dungeon (2/15)

Altars:


Innate Abilities, Weirdness & Mutations

You have a beak for a mouth.
You have claws for feet.


Message History

Your chain mail prevents you from hitting the jackal.
Your kick misses the jackal. The jackal barely misses you.
The jackal bites you but does no damage.
You closely miss the jackal.
The jackal bites you but does no damage.
The jackal barely misses you.
You hit the jackal. The jackal closely misses you. The jackal bites you.
You take 2 damage, and have 14/16 hp.
You sock the jackal!
You kill the jackal!
No target in view!
You see here a jackal corpse.
There is a stone staircase leading down here.
Health restored: 16 You climb downwards.
A rat, a worm and a hobgoblin come into view.
The hobgoblin shouts!
You hear an angry hiss.
An adder comes into view.
There is a stone staircase leading up here.
You climb upwards.
There is a stone staircase leading down here.
You see here a hobgoblin skeleton.
There is a stone staircase leading down here.
You climb downwards.
An adder comes into view.
The adder hisses angrily.
There is a stone staircase leading up here.
You completely miss the adder. Your kick misses the adder.
The adder bites you. x2
You are poisoned.
The adder poisons you!
You take 5 damage, and have 11/16 hp.
MASSIVE DAMAGE!!
Unknown command.
You miscast Infusion.
You are very lightly contaminated with residual magic.
Your skin tingles.
You feel sick. The adder bites you but does no damage.
You take 1 damage, and have 10/16 hp.
You now have 3/4 mp.
You miscast Infusion.
Waves of light ripple over your body. The adder bites you.
You are lethally poisoned!
The adder poisons you!
You take 1 damage, and have 9/16 hp.
You now have 2/4 mp.
You closely miss the adder. Your kick misses the adder.
Your peck misses the adder.
You feel sick. The adder barely misses you.
The adder bites you but does no damage.
You closely miss the adder.
You feel sick.
The adder bites you but does no damage. x2
Unknown command.
Your chain mail prevents you from hitting the adder.
Your peck misses the adder.
You feel sick. The adder bites you but does no damage.
Unknown command.
You take 2 damage, and have 7/16 hp.
Unknown command.
You are too injured to fight recklessly!
You are too injured to fight recklessly!
Your chain mail prevents you from hitting the adder.
Your peck misses the adder.
You feel sick. The adder bites you.
* * * LOW HITPOINT WARNING * * *
The adder bites you but does no damage.
You take 3 damage, and have 4/16 hp.
Your chain mail prevents you from hitting the adder.
The adder barely misses you. The adder bites you but does no damage.
You closely miss the adder. You peck the adder.
* * * LOW HITPOINT WARNING * * *
You feel sick. The adder barely misses you. x2
You take 1 damage, and have 3/16 hp.
Unknown command.
It was a potion of haste.
You feel yourself speed up. The adder closely misses you.
Unknown command.
It was a potion of might.
You feel very mighty all of a sudden.
* * * LOW HITPOINT WARNING * * *
You feel sick. The adder barely misses you.
You take 1 damage, and have 2/16 hp.
Unknown command.
It was a potion of brilliance.
You feel clever all of a sudden. The adder completely misses you.
Unknown command.
Unknown command.
You miss the adder. You peck the adder!
You kill the adder!
Your Staves skill increases to level 1!
There is a lethal amount of poison in your body!
Unknown command.
There is a lethal amount of poison in your body!
Unknown command.
You climb upwards.
* * * LOW HITPOINT WARNING * * *
You feel sick.
There is a stone staircase leading down here.
You take 1 damage, and have 1/16 hp.
Unknown command.
Unknown command.
Unknown command.
There is a lethal amount of poison in your body!
Unknown command.
You die...

.# ####..# ########.####
####.....# #.#
.#.###...#### #.# #..#
#......##### #.# #.<#
#..........######.# #..#
#.................#
##### .#.#
#####.####>########
#.... ####
#.####.#############.###
#......@÷...........>###
###########.##..........
#.##.########. #†##.# #.
#.##.# #. #.##.# ##
#.##)# #....# ######


There were no monsters in sight!

Vanquished Creatures
  An adder (D:2)
  2 goblins (D:1)
  3 hobgoblins (D:1)
  A jackal (D:1)
  3 kobolds (D:1)
  A bat (D:1)
11 creatures vanquished.

Notes
Turn   | Place    | Note
-------+----------+-------------------------------------------
     0 | D:1      | MackRandom the Tengu Wanderer began the quest for the Orb.
     0 | D:1      | MackRandom set off with: a book of Battle, a +0 quarterstaff, a potion of lignification, a +0 robe, a bread ration
     0 | D:1      | Reached XP level 1. HP: 12/12 MP: 3/3
     3 | D:1      | Learned a level 1 spell: Infusion
   450 | D:1      | Reached skill level 2 in Unarmed Combat
   594 | D:1      | Reached XP level 2. HP: 15/16 MP: 4/4
   971 | D:2      | HP: 4/16 [adder (2)]
   977 | D:2      | Reached skill level 1 in Staves
   979 | D:1      | HP: 1/16 [poisoned by an adder]
   983 | D:1      | Succumbed to an adder's poison

Vault maps used:
D:1:      saegor_arrival_simple_c
D:2:      wad_floor_pattern_untrapped, minivault_27

Skill      XL: |  1  2 |
---------------+-------+-----
Unarmed Combat | 2 |  2.2
Staves         | 1 |  1.5
Fighting       | |  1.0
Dodging        | |  2.1
Stealth        | |  1.0
Shields        | |  1.0
Spellcasting   | |  1.0
Charms         | |  1.5
Evocations     | |  1.0

Action                   || total
-------------------------++-------
Melee: Quarterstaff      ||    37
       Kick              ||     4
       Peck              ||     5
 Cast: Infusion          ||     1
  Use: Potion            ||     3
 Stab: Sleeping          ||     1
Armor: Robe              ||     6
       Chain mail        ||    10
Dodge: Dodged            ||    19

Vault maps used:
D:1:      saegor_arrival_simple_c
D:2:      wad_floor_pattern_untrapped, minivault_27

Table legend:
 A = Turns spent in this place as a percentage of turns spent in the entire game.
 B = Non-inter-level travel turns spent in this place as a percentage of non-inter-level travel turns spent in the entire game.
 C = Inter-level travel turns spent in this place as a percentage of turns spent in this place.
 D = Turns resting spent in this place as a percentage of non-inter-level travel turns spent in this place.
 E = Turns spent auto-exploring this place as a percentage of non-inter-level travel turns spent in this place.
 F = Non-inter-level travel turns spent in this place divided by the number of levels of this place that you've seen.
                   A       B       C       D       E      F
               +-------+-------+-------+-------+-------+----------------------
         Total | 100.0 | 100.0 |   2.0 |   5.1 |   8.2 |  98.0
       Dungeon | 100.0 | 100.0 |   2.0 |   5.1 |   8.2 |  98.0
               +-------+-------+-------+-------+-------+----------------------

Table legend:
 A = Kills in this place as a percentage of kills in entire the game.
 B = Kills by you in this place as a percentage of kills by you in the entire game.
 C = Kills by friends in this place as a percentage of kills by friends in the entire game.
 D = Other kills in this place as a percentage of other kills in the entire game.
 E = Experience gained in this place as a percentage of experience gained in the entire game.
 F = Experience gained in this place divided by the number of levels of this place that you have seen.
                   A       B       C       D       E      F
               +-------+-------+-------+-------+-------+----------------------
         Total | 100.0 | 100.0 |  -nan |  -nan | 100.0 |  15.0
       Dungeon | 100.0 | 100.0 |  -nan |  -nan | 100.0 |  15.0
               +-------+-------+-------+-------+-------+----------------------
